 Dungeon Crawl Stone Soup version 0.27-a0-1442-g87b6fcb595 (webtiles) character file.

Game seed: 16764628122975892105

256 wakim the Insei (level 6, -4/38 HPs)
             Began as an Octopode Transmuter on July 4, 2021.
             Slain by Ijyb (5 damage)
             ... on level 4 of the Dungeon.
             The game lasted 00:07:42 (3253 turns).

wakim the Insei (Octopode Transmuter)               Turns: 3253, Time: 00:07:43

Health: -4/38      AC:  5    Str: 10    XL:     6   Next: 15%
Magic:  9/9        EV: 11    Int: 15    God:
Gold:   249        SH:  6    Dex: 14    Spells: 5/9 levels left

rFire    + . .     SeeInvis .     - Unarmed
rCold    + . .     Faith    .   m - +0 kite shield
rNeg     . . .     Spirit   .   (helmet restricted)
rPois    +         Reflect  .   (no amulet)
rElec    +         Harm     .   a - +4 ring of protection
rCorr    +         Rampage  .   l - ring of poison resistance
Will     .....                  (no ring)
Stlth    +++.......             (no ring)
HPRegen  0.12/turn              (no ring)
MPRegen  0.11/turn              (no ring)
                                (no ring)
                                (no ring)

@: resistant
A: almost no armour, amphibious, 8 rings, camouflage 1, gelatinous body 1,
(nimble swimmer 1), tentacles
a: no special abilities


You were on level 4 of the Dungeon.
You visited 1 branch of the dungeon, and saw 4 of its levels.

You collected 249 gold pieces.

Inventory:

Missiles
 d - 5 boomerangs
Armour
 m - a +0 kite shield (worn)
Jewellery
 a - a +4 ring of protection (left tentacle)
 l - a ring of poison resistance (right tentacle)
Scrolls
 h - a scroll of brand weapon {unknown}
 i - a scroll of enchant armour {unknown}
 j - a scroll of torment {unknown}
Potions
 b - a potion of curing {unknown}
 c - 2 potions of brilliance {unknown}
 e - 2 potions of magic {unknown}
 f - a potion of degeneration {unknown}
 k - a potion of might {unknown}
 G - 2 potions of flight
 O - a potion of resistance


   Skills:
 - Level 1.0 Fighting
 - Level 3.2 Dodging
 - Level 3.0 Stealth
 + Level 4.4 Unarmed Combat
 - Level 2.0 Spellcasting
 * Level 3.4 Transmutations
 - Level 2.0 Poison Magic


You had 5 spell levels left.
You knew the following spells:

 Your Spells              Type           Power      Damage    Failure   Level
a - Beastly Appendage     Tmut           22%        N/A       36%         1
x - Spider Form           Tmut/Pois      4%         N/A       83%         3

Your spell library contained the following spells:

 Spells                   Type           Power      Damage    Failure   Level
 Wereblood                Tmut           11%        N/A       50%         2
 Animate Skeleton         Necr           2%         N/A       83%         1
 Pain                     Necr           4%         1d4       83%         1
 Sublimation of Blood     Necr           0%         N/A       93%         2
 Vampiric Draining        Necr           0%         2d6       99%         3
 Airstrike                Air            0%         N/A       100%        4
 Ice Form                 Ice/Tmut       6%         N/A       100%        4
 Summon Lightning Spire   Summ/Air       1%         N/A       100%        4
 Lightning Bolt           Conj/Air       0%         1d11      100%        5
 Summon Hydra             Summ           0%         N/A       100%        7


Dungeon Overview and Level Annotations

Branches:
Dungeon (4/15)
 Temple: D:4-7

Altars:
Dithmenos

Shops:
D:3 =

Annotations:
D:4 2 runed translucent doors, Ijyb


Innate Abilities, Weirdness & Mutations

You cannot wear most types of armour.
You are amphibious.
You can wear up to eight rings at the same time.
Your skin changes colour to match your surroundings (Stealth+).
Your rubbery body absorbs attacks. (AC +1, EV +1)
((You are camouflaged near water. (Stealth+)))
You have tentacles for arms and can constrict up to eight enemies at once.


Message History

Your Poison Magic skill increases to level 2!
You have reached level 6!
Your experience leads to an increase in your attributes!
Increase (S)trength, (I)ntelligence, or (D)exterity?
You feel agile.
Your transformation is almost over.
Your tentacle spike disappears.
You now have 237 gold pieces (gained 11).
HP restored.
A goblin comes into view. It is wielding a +0 dagger.
You miss the goblin. You grab the goblin. You constrict the goblin.
You block the goblin's attack.
You tentacle-slap the goblin.
You kill the goblin!
Things that are here:
a +0 dagger; a goblin corpse A ball python comes into view.
You see here 12 gold pieces.
You now have 249 gold pieces (gained 12).
Ijyb shouts!
The ball python closely misses you. The ball python grabs you.
The ball python constricts you.
You escape the ball python's grasp.
Ijyb zaps a wand.
The mass of ice explodes!
The iceblast engulfs you!
The iceblast engulfs the ball python!
The ball python dies!
Ijyb zaps a wand.
The mass of ice explodes!
The iceblast engulfs you.
* * * LOW HITPOINT WARNING * * *
You hear a shout!
Ijyb zaps a wand.
The mass of ice explodes!
The iceblast engulfs you!
* * * LOW HITPOINT WARNING * * *
Ijyb misses you.
It was a potion of resistance.
You feel protected.
O - a potion of resistance Ijyb hits you with a +0 club.
You die...

..> #..# ... #..# #..
#..# #..#########.##
#..#.>...##.)#
#............## #
#.............# #
#...............# #
#...@..........## ##
#...g..........# #.
#..............# ##.
#..............# #..
#..............## ##..
#..............# #...
#..............####...
......................
...........##.....


You could see Ijyb.

Vanquished Creatures
  A necrophage (D:4)
  5 adders
  3 gnolls (D:2)
  A worm (D:3)
  3 dart slugs (D:1)
  2 orcs (D:4)
  8 ball pythons
  4 endoplasms
  4 giant cockroaches
  6 goblins
  8 hobgoblins
  11 jackals
  6 quokkas
  5 bats
  A frilled lizard (D:3)
  7 kobolds
  7 rats
82 creatures vanquished.

Vanquished Creatures (others)
  A ball python (D:4)
1 creature vanquished.

Grand Total: 83 creatures vanquished

Notes
Turn   | Place    | Note
-------+----------+-------------------------------------------
     0 | D:1      | wakim the Octopode Transmuter began the quest for the Orb.
     0 | D:1      | Reached XP level 1. HP: 13/13 MP: 3/3
   178 | D:1      | Reached skill level 1 in Stealth
   276 | D:1      | Reached XP level 2. HP: 18/18 MP: 5/5
   454 | D:1      | Reached XP level 3. HP: 20/23 MP: 6/6
  1089 | D:2      | Reached XP level 4. HP: 28/28 MP: 5/7
  1725 | D:2      | Learned a level 3 spell: Spider Form
  1927 | D:3      | Reached skill level 4 in Unarmed Combat
  1927 | D:3      | Found Qocaos's Jewellery Shop.
  2085 | D:3      | Found a faded altar of an unknown god.
  2225 | D:3      | Reached XP level 5. HP: 33/33 MP: 8/8
  2383 | D:3      | Reached skill level 1 in Poison Magic
  2775 | D:4      | Found a large runed translucent door.
  2778 | D:4      | Found a large runed translucent door.
  2852 | D:4      | Found a shadowy altar of Dithmenos.
  3082 | D:4      | Noticed a necrophage
  3083 | D:4      | Noticed Ijyb
  3098 | D:4      | Killed a necrophage
  3099 | D:4      | Reached XP level 6. HP: 32/38 MP: 9/9
  3251 | D:4      | HP: 1/38 [Ijyb/iceblast (14)]
  3253 | D:4      | Slain by Ijyb

Illustrated notes

Levels and vault maps discovered:
D:1:      lightli_arrival_farm, layout_basic, minivault_19
D:2:      layout_loops_ring
D:3:      layout_basic, serial_shops, nicolae_shop_crystal,
          hellmonk_ecumenical_altar_prayer_group
D:4:      layout_cave_pods, nicolae_dithmenos_the_darkroom,
          jmf_multi_god_temple2, biasface_ghost_orc_armoury, uniq_ijyb

Skill      XL: |  1  2  3  4  5 |
---------------+----------------+-----
Stealth        | 1 2 3 |  3.0
Dodging        | 3 |  3.2
Unarmed Combat | 4 |  4.4
Poison Magic   | 2 |  2.0
Transmutations | 3 |  3.4
Fighting       | |  1.0
Spellcasting   | |  2.0

Action                   |  1- 3 |  4- 6 || total
-------------------------+-------+-------++-------
Melee: Unarmed           |    72 |   104 ||   176
       Constrict         |    26 |    30 ||    56
       Kick              |    11 |    17 ||    28
       Tentacles         |     9 |    19 ||    28
       Punch             |     4 |       ||     4
 Cast: Beastly Appendage |    10 |    11 ||    21
       Spider Form       |       |     1 ||     1
  Use: Scroll            |     3 |       ||     3
       Potion            |       |     1 ||     1
 Stab: Sleeping          |     4 |     9 ||    13
Armor: Skin              |    21 |    19 ||    40
Dodge: Dodged            |    56 |    72 ||   128
Block: Kite shield       |       |     5 ||     5

Table legend: (Time is in decaauts)
 A = Elapsed time spent in this place.
 B = Non-inter-level travel time spent in this place.
 C = Inter-level travel time spent in this place.
 D = Time resting spent in this place.
 E = Time spent auto-exploring this place.
 F = Levels seen in this place.
 G = Mean time per level.
                   A        B        C        D        E       F      G
               +--------+--------+--------+--------+--------+-----+--------+
         Total |   3245 |   3118 |    127 |      0 |   2477 |   4 |  811.2 |
       Dungeon |   3245 |   3118 |    127 |      0 |   2477 |   4 |  811.2 |
               +--------+--------+--------+--------+--------+-----+--------+

Top non-repeatable levels by time:
     D:3: 982 daAuts
     D:1: 916 daAuts
     D:2: 804 daAuts
     D:4: 543 daAuts
